 Dungeon Crawl Stone Soup version 0.28-a0-863-g8cecda6153 (webtiles) character file.

Game seed: 6749378839192110298

823 sanka the Chopper (level 7, -2/59 HPs)
             Began as a Palentonga Abyssal Knight on Nov 16, 2021.
             Was a Priest of Lugonu.
             Slain by an ogre (12 damage)
             ... on level 5 of the Dungeon.
             The game lasted 00:08:41 (6933 turns).

sanka the Chopper (Palentonga Abyssal Knight)       Turns: 6933, Time: 00:08:41

Health: -2/59      AC: 11    Str: 19    XL:     7   Next: 63%
Magic:  11/11      EV:  9    Int: 10    God:    Lugonu [***...]
Gold:   47         SH:  0    Dex: 10    Spells: 6/6 levels left

rFire   . . .      SeeInvis +   p - +10 short sword of Vedajuja {vorpal, rElec rPois Stlth+}
rCold   . . .      Faith    .   (no shield)
rNeg    . . .      Spirit   .   i - +0 leather armour
rPois   +          Reflect  .   (no helmet)
rElec   +          Harm     .   (no cloak)
rCorr   .          Rampage  .   (no gloves)
Will    .....                   (no barding)
Stlth   ++........              (no amulet)
HPRegen 0.19/turn               (no ring)
MPRegen 0.12/turn               (no ring)

@: curled up
A: large, rugged brown scales 3, see invisible, deformed body, roll 1, armoured
tail, reflexive curl
a: Rolling Charge, Renounce Religion, Depart the Abyss, Bend Space, Banish


You were on level 5 of the Dungeon.
You worshipped Lugonu.
Lugonu was most pleased with you.
You visited 1 branch of the dungeon, and saw 6 of its levels.
You visited the Abyss 1 time.

You collected 179 gold pieces.
You spent 132 gold pieces at shops.


Innate Abilities, Weirdness & Mutations

You are completely covered in rugged brown scales. (AC +3, +7% HP)
You have supernaturally acute eyesight. (SInv)
Armour fits poorly on your strangely shaped body.
You can roll at nearby foes to attack.
You have a long armoured tail.
You curl defensively after being hit. (AC +7*)


   Skills:
 + Level 5.2 Fighting
 - Level 6.0 Axes
 - Level 1.5 Armour
 - Level 0.7 Dodging
 + Level 5.6 Invocations


You had 6 spell levels left.
You didn't know any spells.
Your spell library contained the following spells:

 Spells                   Type           Power      Damage    Failure   Level
 Corpse Rot               Necr/Air       0%         N/A       56%         2
 Ensorcelled Hibernation  Hex/Ice        0%         N/A       56%         2
 Spider Form              Tmut/Pois      0%         N/A       80%         3
 Dispel Undead            Necr           0%         3d6       99%         4
 Death Channel            Necr           0%         N/A       100%        6
 Dispersal                Tloc           0%         N/A       100%        6
 Disjunction              Tloc           0%         N/A       100%        8

Inventory:

Hand Weapons
 a - a +1 hand axe
 b - a +0 dagger of distortion
 p - the +10 short sword of Vedajuja (weapon) {vorpal, rElec rPois Stlth+}

   It inflicts extra damage upon your enemies.
   rElec:     It insulates you from electricity.
   rPois:     It protects you from poison.
   Stlth:     It makes you more stealthy.
Armour
 i - a +0 leather armour (worn)
Scrolls
 c - a scroll of enchant armour {unknown}
 e - a scroll of magic mapping {unknown}
 g - a scroll of noise {unknown}
 h - 3 scrolls of identify {unknown}
 j - a scroll of blinking {unknown}
 k - 2 scrolls of enchant weapon {unknown}
 m - a scroll of vulnerability {unknown}
Potions
 d - 2 potions of flight {unknown}
 f - 7 potions of curing {@q1}
 l - 3 potions of lignification {!q}
 n - a potion of cancellation {unknown}
 o - a potion of ambrosia {unknown}
 q - 3 potions of heal wounds {@q2}

Dungeon Overview and Level Annotations

Branches:
Dungeon (6/15)
 Temple: D:4-7

Altars:

Shops:
D:5 !

Annotations:
D:3 1 runed translucent door, Crazy Yiuf

...........▒.▒+▒...▒+▒
▒.........▒▒...▒▒▒▒▒
+.........'......▒
▒▒.......▒▒......▒
▒.......▒.......▒
▒▒▒▒+▒▒▒▒.......+
.......▒.......▒
.......▒▒o.....▒
.......HOo.....▒
........▒▒.).▒▒▒
.........▒.▒'▒
.......▒▒▒▒▒...
+▒...▒+▒.▒ .....
▒▒▒▒▒...▒▒ .......
▒.>>....+ .......
▒.......▒▒.......
▒▒.......▒.......


You could see an ogre and 2 orcs.


Message History

The orc is almost dead.
An orc comes into view. It is wielding a +0 falchion.
You barely miss the orc. You tail-slap the orc.
You kill the orc!
Lugonu accepts your kill.
You hit the orc.
The orc is severely wounded.
The orc hits you with a +0 club.
You closely miss the orc. You tail-slap the orc.
You kill the orc!
Lugonu accepts your kill. The orc hits you with a +0 falchion.
You hit the orc.
The orc is almost dead.
The orc barely misses you.
There is an open door here.
You hit the ogre.
The ogre is lightly wounded.
The ogre hits you with a +0 giant club!
You barely miss the ogre.
The ogre is lightly wounded.
The ogre hits you with a +0 giant club!!
* * * LOW HITPOINT WARNING * * *
You hit the ogre but do no damage. You tail-slap the ogre!
The ogre is heavily wounded.
The ogre hits you with a +0 giant club!
You die...

Action                   |  1- 3 |  4- 6 |  7- 9 || total
-------------------------+-------+-------+-------++-------
Melee: Hand axe          |    76 |   155 |       ||   231
       Tailslap          |     9 |    21 |     5 ||    35
       Dagger            |       |     5 |       ||     5
       Short sword       |       |    12 |    39 ||    51
 Abil: Rolling Charge    |       |     6 |     1 ||     7
Armor: Leather armour    |    23 |    43 |    13 ||    79
Dodge: Dodged            |    37 |    73 |    12 ||   122

Levels and vault maps discovered:
D:1:      dpeg_arrival_subterranean_lakeside_camping, layout_basic,
          ebering_ecumenical_altar_hall
D:2:      layout_loops_ring, uniq_terence
D:3:      layout_basic, uniq_crazy_yiuf_cottage, uniq_natasha
D:4:      layout_basic
D:5:      nicolae_cairo_tiling_very_big, layout_loops_cross,
          minmay_temple_entry_proselytizer, serial_shops, shop,
          kennysheep_generic_room_4
D:6:      layout_basic, uniq_pikel

Notes
Turn   | Place    | Note
-------+----------+-------------------------------------------
     0 | Abyss:1  | sanka the Palentonga Abyssal Knight began the quest for the
                  | Orb.
     0 | Abyss:1  | Reached XP level 1. HP: 19/19 MP: 2/2
    64 | D:1      | Escaped the Abyss
   220 | D:1      | Reached XP level 2. HP: 25/25 MP: 3/3
   398 | D:1      | Reached skill level 3 in Axes
   707 | D:1      | Reached ** piety under Lugonu
   978 | D:1      | Reached XP level 3. HP: 31/31 MP: 4/4
  1250 | D:1      | Found a faded altar of an unknown god.
  1436 | D:2      | Reached skill level 4 in Axes
  1651 | D:2      | Reached XP level 4. HP: 37/37 MP: 5/5
  1755 | D:2      | Noticed Terence
  2961 | D:2      | Killed Terence
  2962 | D:2      | Reached skill level 5 in Axes
  3168 | D:3      | Reached XP level 5. HP: 39/43 MP: 6/6
  3269 | D:3      | Noticed an ogre
  3276 | D:3      | Banished an ogre
  3277 | D:3      | Reached skill level 6 in Axes
  3488 | D:3      | Reached skill level 3 in Invocations
  3492 | D:3      | Reached XP level 6. HP: 30/50 MP: 8/8
  3723 | D:6      | HP: 4/50 [iguana (4)]
  4190 | D:5      | Entered Level 5 of the Dungeon
  4435 | D:3      | Reached *** piety under Lugonu
  4573 | D:3      | Found a runed translucent door.
  4574 | D:3      | Noticed Crazy Yiuf
  4616 | D:3      | Noticed Natasha
  4649 | D:3      | Killed Natasha
  4759 | D:3      | Reached skill level 4 in Invocations
  4989 | D:3      | Noticed Natasha
  4995 | D:3      | Killed Natasha
  5552 | D:3      | Noticed Natasha
  5554 | D:3      | Killed Natasha
  5555 | D:3      | Reached skill level 4 in Fighting
  5683 | D:4      | Identified the +10 short sword of Vedajuja {vorpal, rElec
                  | rPois Stlth+}
  5899 | D:4      | Gained mutation: You curl defensively after being hit. (AC
                  | +7*) [Palentonga growth]
  5899 | D:4      | Reached XP level 7. HP: 54/57 MP: 10/10
  6123 | D:4      | Reached skill level 5 in Invocations
  6747 | D:5      | Found Iruorch's Distillery.
  6752 | D:5      | Bought a potion of heal wounds for 60 gold pieces
  6752 | D:5      | Bought a potion of curing for 36 gold pieces
  6752 | D:5      | Bought a potion of lignification for 36 gold pieces
  6771 | D:5      | Reached skill level 5 in Fighting
  6933 | D:5      | Slain by an ogre

Vanquished Creatures
  An ogre (D:4)
  A scorpion (D:4)
  A howler monkey (D:6)
  3 hounds
  A bullfrog skeleton (D:6)
  A centaur skeleton (D:4)
  Terence (D:2)
  An orc wizard (D:3)
  Natasha (thrice) (D:3)
  3 iguanas
  2 hound skeletons
  A gnoll (D:1)
  8 adders
  A white imp (D:4)
  2 adder skeletons (D:4)
  2 dart slugs
  10 orcs
  6 bats
  9 endoplasms
  A giant cockroach (D:3)
  10 goblins
  11 hobgoblins
  7 kobolds
  2 quokkas
  4 ball pythons
  3 frilled lizards
  3 rats
98 creatures vanquished.
